 Dungeon Crawl Stone Soup version 0.31-a0-4-gefa6de2278 (webtiles) character file.

Game seed: 702082163352839667

410257 Twinkles the Tortoise (level 22, -19/214 HPs)
             Began as an Armataur Monk on Apr 27, 2023.
             Was a Priest of Elyvilon.
             Killed from afar by Jory (58 damage)
             ... with a crystal spear
             ... on level 3 of the Vaults on May 5, 2023.
             The game lasted 03:15:29 (41942 turns).

Twinkles the Tortoise (Armataur Monk)              Turns: 41942, Time: 03:15:29

Health: -19/214    AC: 36    Str: 26    XL:     22   Next: 73%
Magic:  29/31      EV:  5    Int: 12    God:    Elyvilon [***...]
Gold:   3312       SH: 12    Dex: 13    Spells: 21/21 levels left

rFire   . .          .
                       - Unarmed
rCold   + . .        x - +0 kite shield {reflect}
rNeg    + . .        t - +8 crystal plate armour "Adghelote" {rC+ Will+}
rPois   +            g - +2 helmet {SInv}
rElec   .            (no cloak)
rCorr   .            w - +1 pair of gloves
SInv    +            (no barding)
Will    ++...        v - amulet "Cuxkeote" {rN+ Regen+} Stlth
                     W - ring of poison resistance
HPRegen 1.35/turn    u - ring of flight
MPRegen 0.22/turn

%: reflection, roll
@: mighty, flying
A: large, rugged brown scales 3, deformed body, armoured tail, roll, long
tongue, awkward tongue
}: 1/15 runes: gossamer
a: Renounce Religion, Purification, Heal Other, Heal Self


You were on level 3 of the Vaults.
You worshipped Elyvilon.
Elyvilon was most pleased with you.
You visited 7 branches of the dungeon, and saw 31 of its levels.
You also visited: Gauntlet.

You collected 3312 gold pieces.

Inventory:

Missiles
 b - 4 throwing nets
Armour
 c - an orb of light
 g - a +2 helmet of see invisible (worn)
 p - a +4 scale mail of fire resistance
 t - the +8 crystal plate armour "Adghelote" (worn) {rC+ Will+}
   (You found it on level 5 of the Lair of Beasts)

   rC:        It protects you from cold.
   Will:      It increases your willpower.
 w - a +1 pair of gloves (worn)
 x - a +0 kite shield of reflection (worn)
Magical Staves
 a - a staff of air
Jewellery
 d - a ring of wizardry
 f - a ring of resist corrosion
 r - a ring of magical power
 u - a ring of flight (right hand)
 v - the amulet "Cuxkeote" (around neck) {rN+ Regen+}
   (You found it on level 1 of the Shoals)

   [amulet of regeneration]

   rN:        It protects you from negative energy.
   Regen:     It increases your rate of health regeneration.
 S - the ring "Magerhor" {Wiz rPois Str+8 Dex+2 Slay-5}
   (You found it on level 1 of the Vaults)

   [ring of wizardry]

   It improves your spell success rate.
   Str:       It affects your strength (+8).
   Dex:       It affects your dexterity (+2).
   Slay:      It affects your accuracy & damage with ranged weapons and melee
   (-5).
   rPois:     It protects you from poison.
 W - a ring of poison resistance (left hand)
Wands
 e - a wand of charming (18) (quivered)
 i - a wand of iceblast (7)
 n - a wand of quicksilver (8)
 q - a wand of flame (38)
 y - a wand of mindburst (6)
Scrolls
 h - 3 scrolls of amnesia
 j - 4 scrolls of enchant weapon
 k - 5 scrolls of enchant armour
 l - 2 scrolls of brand weapon
 o - 6 scrolls of poison
 s - 2 scrolls of torment
 E - a scroll of fear
 F - 14 scrolls of fog
 K - a scroll of immolation
 O - 4 scrolls of silence
 V - a scroll of vulnerability
 X - 4 scrolls of magic mapping
 Z - 7 scrolls of identify
Potions
 A - 2 potions of attraction
 B - 3 potions of brilliance
 C - a potion of cancellation
 G - 9 potions of ambrosia
 H - 2 potions of haste
 I - 3 potions of invisibility
 J - 7 potions of curing
 L - 6 potions of flight
 M - 2 potions of might
 P - 8 potions of lignification
 Q - 4 potions of magic
 R - a potion of resistance
 T - a potion of berserk rage
 U - 8 potions of mutation
Miscellaneous
 m - a phantom mirror (inert)


   Skills:
 + Level 17.4 Fighting
 + Level 18.9 Armour
 - Level 5.8 Dodging
 + Level 12.1 Shields
 + Level 18.7 Unarmed Combat
 - Level 12.0 Invocations
 - Level 5.1 Evocations


You had 21 spell levels left.
You didn't know any spells.
Your spell library contained the following spells:

 Spells                   Type           Power      Damage    Failure   Level
 Magic Dart               Conj           0%         1d3       100%        1
 Blink                    Tloc           0%         N/A       100%        2
 Lesser Beckoning         Tloc           0%         N/A       100%        2
 Momentum Strike          Conj/Tloc      0%         3d8       100%        2
 Searing Ray              Conj           0%         2d4       100%        2
 Static Discharge         Conj/Air       0%         2-2/arc   100%        2
 Ozocubu's Armour         Ice            0%         N/A       100%        3
 Summon Guardian Golem    Hex/Summ       0%         N/A       100%        3
 Vhi's Electric Charge    Tloc/Air       0%         N/A       100%        3
 Airstrike                Air            0%         2d(0-16)  100%        4
 Anguish                  Hex/Necr       0%         N/A       100%        4
 Animate Armour           Summ/Erth      0%         N/A       100%        4
 Cause Fear               Hex            0%         N/A       100%        4
 Fulminant Prism          Conj/Hex       0%         3d5       100%        4
 Summon Lightning Spire   Summ/Air       0%         N/A       100%        4
 Arcjolt                  Conj/Air       0%         1d10      100%        5
 Blade Hands              Tmut           0%         N/A       100%        5
 Fireball                 Conj/Fire      0%         3d3       100%        5
 Iskenderun's Battlesphe  Conj           0%         2d6       100%        5
 Conjure Ball Lightning   Conj/Air       0%         3x3d6     100%        6
 Iron Shot                Conj/Erth      0%         9d1       100%        6
 Dragon Form              Tmut           0%         N/A       100%        7
 Enfeeble                 Hex            0%         N/A       100%        7
 Orb of Destruction       Conj           0%         9d5       100%        7
 Ozocubu's Refrigeration  Ice            0%         4d7       100%        7
 Spellforged Servitor     Conj/Summ      0%         N/A       100%        7
 Maxwell's Capacitive Co  Air            0%         ∞         100%        8
 Dragon's Call            Summ           0%         N/A       100%        9


Dungeon Overview and Level Annotations

Branches:
Dungeon (15/15) Zot: 25551  Temple (1/1) D:7 Zot: 5917    Lair (5/5) D:11 Zot: 23192
 Shoals (1/4) Lair:2 Zot: 4934  Spider (4/4) Lair:2 Zot: 16786   Slime (0/5) Lair:4
    Orc (2/2) D:10 Zot: 8768     Elf (0/3) Orc:2        Vaults (3/5) D:13 Zot: 12298
  Crypt (0/3) Vaults:3    Gauntlet (visited)
 Depths: D:15

Altars:
Ashenzari
Cheibriados
Dithmenos
Elyvilon
Fedhas
Gozag
Hepliaklqana
Kikubaaqudgha
Makhleb
Nemelex Xobeh
Okawaru
Qazlal
Ru
Sif Muna
Trog
Uskayaw
Vehumet
Wu Jian
Xom
Yredelemnul
Zin
The Shining One

Shops:
D:13 *   Orc:2 ((=(!   Vaults:1 (   Vaults:2 [

Annotations:
D:3 2 transporters
D:15 Azrael; Rupert
Lair:1 3 runed translucent doors, qeuew's ghost, journeyman DsMo
Lair:3 1 runed translucent door, 1 exclusion, Snorg; qeuew's ghost, journeyman SpEn
Lair:4 exclusion: 3 oklob plants
Shoals:1 Louise
Vaults:3 Jory


Innate Abilities, Weirdness & Mutations

You are completely covered in rugged brown scales. (AC +3, +7% HP)
Armour fits poorly on your strangely shaped body.
You have a long armoured tail.
You roll when moving toward enemies. (Rampage)
Your long tongue fully drains potion bottles. (2x potion effects)
Your tongue gives you trouble enunciating. (1.5x scroll delay)


Message History

You are too injured to fight recklessly!
Jory hits you but does no damage. You block Jory's attack.
You feel very mighty all of a sudden.
You slurp down every last drop of the potion of might!
You block Jory's attack. Jory bites you but does no damage.
You pummel Jory!! You tail-slap Jory!
Jory is lightly damaged.
Jory hits you with a +2 heavy battleaxe!!!
Jory bites you but does no damage.
You hear a shout!
You closely miss Jory. You tail-slap Jory, but do no damage.
Jory is lightly damaged.
Jory hits you with a +2 heavy battleaxe.
Jory bites you! Jory draws strength from your injuries!
You pummel Jory!!
Jory is moderately damaged.
You closely miss Jory.
Jory is moderately damaged.
Jory hits you with a +2 heavy battleaxe!!
You block Jory's attack.
You pummel Jory!!
Jory is moderately damaged.
Jory hits you with a +2 heavy battleaxe!!!
* * * LOW HITPOINT WARNING * * *
Jory bites you but does no damage.
You are healed.
You feel yourself speed up.
Jory hits you with a +2 heavy battleaxe!
* * * LOW HITPOINT WARNING * * *
Jory bites you.
* * * LOW HITPOINT WARNING * * *
Jory draws strength from your injuries!
You punch Jory!
Your tail-slap misses Jory.
Jory is heavily damaged.
The stone giant hits you but does no damage.
You miss Jory.
Jory is heavily damaged.
Jory gestures at you while chanting. The crystal spear hits you!!!
You die...

##########
########################.#.......
....#T.....#.....C.....'...~~.~~.
....).p....#....@#.....#...~~.~≈~
##..#).##..#....V#.....#...≈~~~~~
##X.#..##..#.....#.....#..~~~⌠~~~
.9p.#......#[...###....'...~≈≈≈~~
†...#[.....')#### ####.#...~~.~~~
#########'##)...###...>#...~~.~~.
$)c.#..O.†9#.....#.....#.#.......
..pW#.pWC..#.....#.....##########
##).#.c##VG#.....#.....#


You could see Jory and a stone giant.

Vanquished Creatures
  Boris (Vaults:3)
  The ghost of Zissick the Minotaur Blade, an adept MiBr of Okawaru (Vaults:1)
  Jorgrun (Shoals:1)
  A tentacled monstrosity (Vaults:3)
  A sphinx (Vaults:3)
  Kirke (D:13)
  A tengu reaver (Vaults:1)
  Donald (Spider:1)
  6 vault wardens
  4 emperor scorpions
  3 ghost moths
  A curse skull (Vaults:3)
  3 orc warlords
  2 broodmothers (Spider:4)
  8 ironbound preservers
  A war gargoyle (Vaults:3)
  A quicksilver ooze (shapeshifter) (Vaults:1)
  7 ironbound thunderhulks
  7 dire elephants
  2 spark wasps
  7 entropy weavers
  2 jiangshi (Vaults:3)
  9 yaktaur captains
  5 great orbs of eyes
  7 vault guards
  3 hydras
  A radroach (Spider:4)
  A hydra (shapeshifter) (Vaults:1)
  3 catoblepae
  An ice dragon (Lair:5)
  2 jorogumos (Spider:2)
  2 centaur warriors
  6 ironbound frosthearts
  8 boulder beetles
  An ogre mage (D:13)
  6 two-headed ogres
  Urug (Lair:3)
  2 tengu warriors
  6 orc high priests (Orc:2)
  Sonja (D:13)
  A sun moth (Spider:4)
  6 pharaoh ants
  16 deep trolls
  5 sea snakes (Shoals:1)
  A lindwurm (Vaults:2)
  7 orb spiders
  A wizard (D:14)
  8 ironbound convokers
  Pikel (D:5)
  12 steelbarb worms
  4 necromancers
  2 orc sorcerers
  22 harpies
  20 wolf spiders
  A tengu zombie (Vaults:1)
  13 orc knights
  A human zombie (Vaults:1)
  11 ugly things
  3 cyclopes
  3 manticores
  8 fauns (Shoals:1)
  3 moths of wrath
  An oklob plant (Lair:2)
  14 vault sentinels
  5 elephants
  A fire giant skeleton (Vaults:3)
  9 black mambas
  A merfolk siren (Shoals:1)
  14 demonic crawlers
  3 torpor snails
  3 gargoyles
  11 cane toads
  2 water nymphs
  An unseen horror (D:13)
  23 yaktaurs
  A kobold demonologist (D:13)
  8 komodo dragons
  5 rime drakes
  7 trolls
  4 merfolk (Shoals:1)
  7 meliai (Spider:4)
  4 human skeletons
  Grinder (D:5)
  3 wind drakes (Shoals:1)
  A polar bear (Lair:2)
  22 blink frogs
  A wind drake (shapeshifter) (D:14)
  2 hornets (Lair:5)
  21 tarantellas
  2 elf zombies (Vaults:3)
  A snapping turtle (Shoals:1)
  11 dream sheep (Lair:5)
  17 jumping spiders
  20 slime creatures
  8 culicivoras
  2 vampires
  2 wraiths
  4 shadows
  A water elemental (Shoals:1)
  44 yaks
  17 wyverns
  3 basilisks
  2 hogs
  45 redbacks
  7 vampire mosquitoes
  Menkaure (D:5)
  4 wargs
  14 water moccasins
  2 acid dragons
  3 ice beasts
  A sky beast (D:8)
  Duvessa (D:4)
  46 orc warriors
  5 black bears
  9 ogres
  5 boggarts (Vaults:1)
  18 centaurs
  5 wolves
  A phantom (D:4)
  3 lemures
  3 kobold brigands
  An elf simulacrum (Vaults:1)
  14 bullfrogs
  A scorpion (D:5)
  9 wights
  Dowan (D:4)
  4 killer bees (D:8)
  2 electric eels (D:11)
  5 howler monkeys
  9 hounds
  28 orc priests
  3 sleepcaps
  2 iguanas (D:7)
  16 orc wizards
  7 gnolls
  10 adders
  3 shadow imps
  4 white imps
  An ufetubus (D:5)
  A worm (D:3)
  A dart slug (D:2)
  76 orcs
  7 ball pythons
  10 endoplasms
  4 giant cockroaches
  7 goblins
  7 hobgoblins
  13 jackals
  A quokka (D:2)
  3 training dummies (Orc:2)
  3 bats
  2 frilled lizards
  18 kobolds
  4 rats
1035 creatures vanquished.

Vanquished Creatures (others)
  A vault warden (Vaults:3)
  An ettin (Vaults:3)
  A hydra (Lair:2)
  A radroach (Spider:3)
  A pharaoh ant (Spider:3)
  A deep troll (Vaults:1)
  2 ironbound convokers
  A harpy (Vaults:1)
  A black mamba (Lair:3)
  A merfolk siren (Shoals:1)
  2 komodo dragons
  A yaktaur (Vaults:3)
  A blink frog (Lair:3)
  A tarantella (Spider:1)
  2 jumping spiders
  2 slime creatures (Vaults:3)
  A wyvern (D:10)
  A hog (D:14)
  An orc warrior (Orc:2)
  An orc priest (D:11)
  33 fungi
  76 plants
133 creatures vanquished.

Grand Total: 1168 creatures vanquished

Notes
Turn   | Place    | Note
-------+----------+-------------------------------------------
     0 | D:1      | Twinkles the Armataur Monk began the quest for the Orb.
     0 | D:1      | Reached XP level 1. HP: 19/19 MP: 1/1
   166 | D:1      | Reached XP level 2. HP: 26/26 MP: 2/2
   676 | D:1      | Reached XP level 3. HP: 33/33 MP: 3/3
  1469 | D:3      | Found a transporter.
  1484 | D:3      | Reached XP level 4. HP: 40/40 MP: 4/4
  1617 | D:3      | Found a sparkling altar of Nemelex Xobeh.
  1668 | D:3      | Found a transporter.
  2064 | D:4      | Noticed a bullfrog
  2199 | D:4      | Noticed a black bear
  2220 | D:3      | Killed a black bear
  2221 | D:3      | Reached XP level 5. HP: 21/49 MP: 5/5
  2458 | D:4      | Noticed Dowan
  2586 | D:4      | Reached XP level 6. HP: 55/55 MP: 6/6
  2890 | D:4      | Reached skill level 5 in Unarmed Combat
  2935 | D:4      | Found a shadowy altar of Dithmenos.
  3160 | D:4      | Reached XP level 7. HP: 60/64 MP: 7/7
  3296 | D:4      | Noticed Duvessa
  3306 | D:4      | Killed Duvessa
  3307 | D:4      | Reached skill level 5 in Fighting
  3319 | D:4      | Killed Dowan
  3642 | D:5      | Entered Level 5 of the Dungeon
  3993 | D:5      | Reached XP level 8. HP: 60/73 MP: 8/8
  4075 | D:5      | Identified the +7 spear of Taxation {flame, +Blink Fly
                  | Str-5 Dex+2}
  4084 | D:5      | Noticed Pikel
  4196 | D:5      | Found an ancient bone altar of Kikubaaqudgha.
  4241 | D:5      | Noticed Menkaure
  4247 | D:5      | HP: 21/74 [??? (18)]
  4254 | D:5      | HP: 11/74 [Menkaure (12)]
  4255 | D:5      | HP: 5/74 [??? (3)]
  4258 | D:5      | HP: 2/74 [orc wizard/puff of flame (4)]
  5320 | D:5      | Killed Menkaure
  5581 | D:5      | Killed Pikel
  5582 | D:5      | Reached XP level 9. HP: 73/83 MP: 9/9
  5655 | D:5      | Noticed Grinder
  5655 | D:5      | Paralysed by Grinder for 2 turns
  5659 | D:5      | Paralysed by Grinder for 5 turns
  5675 | D:5      | Paralysed by Grinder for 3 turns
  5702 | D:5      | Killed Grinder
  6650 | D:6      | Reached skill level 10 in Unarmed Combat
  7123 | D:7      | Found a staircase to the Ecumenical Temple.
  7134 | Temple   | Entered the Ecumenical Temple
  7211 | Temple   | Became a worshipper of Elyvilon the Healer
  7211 | Temple   | Reached * piety under Elyvilon
  7211 | Temple   | Reached ** piety under Elyvilon
  7917 | D:8      | Reached XP level 10. HP: 69/90 MP: 10/10
  8087 | D:8      | Found a broken altar of Ashenzari.
  8337 | D:8      | Reached skill level 1 in Armour
  8370 | D:8      | Reached skill level 1 in Invocations
  8460 | D:8      | Found an iron altar of Okawaru.
  8496 | D:8      | Found a blossoming altar of Fedhas.
  8779 | D:9      | Reached *** piety under Elyvilon
  9421 | D:9      | Reached **** piety under Elyvilon
  9427 | D:9      | Noticed a two-headed ogre
  9436 | D:9      | HP: 15/96 [two-headed ogre/+0 giant club (19)]
  9437 | D:9      | Elyvilon protects you from harm!
  9438 | D:9      | Killed a two-headed ogre
  9652 | D:9      | Found a glowing golden altar of the Shining One.
  9864 | D:10     | Entered Level 10 of the Dungeon
  9865 | D:10     | Found a hide-covered altar of Uskayaw.
  9904 | D:10     | Found a staircase to the Orcish Mines.
  9995 | D:10     | Found a sacrificial altar of Ru.
 10164 | D:10     | Noticed a two-headed ogre
 10168 | D:10     | Noticed a two-headed ogre
 10170 | D:10     | Killed a two-headed ogre
 10171 | D:10     | Reached skill level 5 in Armour
 10171 | D:10     | HP: 27/97 [two-headed ogre/+0 giant spiked club (3)]
 10175 | D:10     | HP: 5/97 [two-headed ogre/+0 giant spiked club (18)]
 10177 | D:10     | Killed a two-headed ogre
 10178 | D:10     | Reached XP level 11. HP: 27/103 MP: 8/14
 10554 | D:10     | Noticed a tengu warrior
 10557 | D:10     | Reached skill level 5 in Invocations
 10580 | D:10     | HP: 26/103 [tengu warrior/+0 battleaxe (7)]
 10583 | D:10     | Killed a tengu warrior
 10774 | D:10     | Found a shimmering altar of Xom.
 11003 | D:11     | Found a staircase to the Lair.
 11159 | D:11     | Noticed a boulder beetle
 11347 | D:11     | Pacified a boulder beetle
 11447 | D:11     | Identified the +6 short sword of Yjoer {speed, Drain rElec
                  | rCorr Int+7 Dex-3}
 11447 | D:11     | Noticed a two-headed ogre
 11478 | D:10     | Killed a two-headed ogre
 11561 | D:11     | Reached skill level 10 in Fighting
 11814 | D:11     | Noticed an orc knight
 11840 | Lair:1   | Entered Level 1 of the Lair of Beasts
 11889 | Lair:1   | Reached XP level 12. HP: 88/113 MP: 15/17
 12057 | Lair:1   | Identified the +0 leather armour of the Cursing Gods {rC+
                  | Int+4}
 12324 | Lair:1   | Noticed an ice dragon
 12325 | Lair:1   | Noticed qeuew's ghost (journeyman DsMo)
 12507 | Lair:1   | Found a runed translucent gate.
 12507 | Lair:1   | Found a runed translucent gate.
 12507 | Lair:1   | Found a runed translucent gate.
 12701 | Lair:2   | Found a staircase to the Shoals.
 12748 | Lair:2   | Noticed a six-headed hydra
 12754 | Lair:2   | Pacified a six-headed hydra
 12755 | Lair:2   | Reached skill level 1 in Shields
 12790 | Lair:2   | Found a hole to the Spider Nest.
 12801 | Lair:2   | Reached ***** piety under Elyvilon
 13545 | Lair:2   | Noticed a death yak
 13548 | Lair:2   | Pacified a death yak
 13566 | Lair:2   | Noticed a catoblepas
 13566 | Lair:2   | Noticed a five-headed hydra
 13570 | Lair:2   | Pacified a catoblepas
 13578 | Lair:2   | Killed a five-headed hydra
 13943 | Lair:3   | Noticed qeuew's ghost (journeyman SpEn)
 13943 | Lair:3   | Found a runed translucent door.
 13943 | Lair:3   | Found a shimmering altar of Xom.
 13982 | Lair:3   | Reached skill level 10 in Armour
 14001 | Lair:3   | Noticed Urug
 14119 | Lair:3   | Found a gate leading to a gauntlet.
 14139 | Lair:3   | Reached XP level 13. HP: 101/124 MP: 18/18
 14151 | Gauntlet | Entered a Gauntlet
 14151 | Gauntlet | Found a transporter.
 14160 | Gauntlet | Found a transporter.
 14163 | Gauntlet | Found a transporter.
 14164 | Gauntlet | Found a transporter.
 14173 | Gauntlet | Found a transporter.
 14175 | Gauntlet | Found a transporter.
 14176 | Gauntlet | Found a transporter.
 14188 | Gauntlet | Found a transporter.
 14189 | Gauntlet | Found a transporter.
 14189 | Gauntlet | Found a transporter.
 14200 | Gauntlet | Found a transporter.
 14200 | Gauntlet | Found a transporter.
 14201 | Gauntlet | Found a transporter.
 14209 | Gauntlet | Found a transporter.
 14810 | Lair:3   | Killed Urug
 15413 | Lair:3   | Noticed Snorg
 15437 | Lair:3   | Reached skill level 5 in Shields
 17001 | Lair:4   | Found a staircase to the Slime Pits.
 17031 | Lair:4   | HP: 35/125 [oklob plant/splash of acid (11)]
 17093 | Lair:5   | Entered Level 5 of the Lair of Beasts
 17376 | Lair:5   | Identified the +8 crystal plate armour "Adghelote" {rC+
                  | Will+}
 17908 | Lair:5   | Reached ****** piety under Elyvilon
 17988 | Lair:5   | Identified the +1 rapier "Tuvveiru" {flame, Fly rC++ Will-
                  | Str+2}
 18434 | Lair:5   | Reached XP level 14. HP: 134/134 MP: 19/19
 19589 | D:12     | Identified the +4 spear "Hydrabane" {drain, Int+3}
 19660 | D:12     | Reached skill level 15 in Unarmed Combat
 20499 | D:13     | Found Ceocal's Assorted Antiques.
 20552 | D:13     | HP: 40/135 [slime creature (7)]
 20558 | D:13     | HP: 36/135 [slime creature (10)]
 20837 | D:13     | Noticed Sonja
 20848 | D:13     | Killed Sonja
 20944 | D:13     | Found a gate to the Vaults.
 21224 | D:14     | Upgraded the game from 0.30-a0-1161-g0704695555 to
                  | 0.30-a0-1163-gf69bf04e7a
 21658 | D:14     | Found a white marble altar of Elyvilon.
 21682 | D:14     | Noticed Kirke
 21724 | D:13     | Noticed a sphinx
 21729 | D:13     | Noticed a sphinx
 21743 | D:13     | Noticed a sphinx
 21746 | D:13     | Paralysed by a sphinx for 4 turns
 21754 | D:13     | HP: 39/138 [sphinx/divine providence[Kirke] (12)]
 22353 | D:15     | Entered Level 15 of the Dungeon
 22394 | D:15     | Noticed Rupert
 22396 | D:15     | Noticed Azrael
 22555 | D:14     | Reached skill level 1 in Evocations
 22627 | D:15     | HP: 41/138 [meliai/divine providence (11)]
 22633 | D:14     | HP: 33/138 [red ugly thing (11)]
 22637 | D:14     | HP: 16/138 [red ugly thing (7)]
 22637 | D:14     | HP: 5/138 [red ugly thing (11)]
 22791 | D:12     | Upgraded the game from 0.30-a0-1163-gf69bf04e7a to
                  | 0.31-a0-1-g4198be8af4
 22875 | Orc:1    | Entered Level 1 of the Orcish Mines
 23041 | Orc:2    | Entered Level 2 of the Orcish Mines
 23041 | Orc:2    | Found a staircase to the Elven Halls.
 23087 | Orc:2    | Noticed an orc warlord
 23353 | Orc:2    | Paralysed by an orc sorcerer for 3 turns
 23430 | Orc:1    | HP: 28/132 [orc knight/+0 great mace (26)]
 23530 | D:10     | Reached XP level 15. HP: 129/141 MP: 20/20
 24044 | Orc:2    | Found the +16 obsidian axe {drain, demonic, Mesm Drain Fly
                  | SInv}
 24143 | Orc:2    | Found Zib Miculoba's Firing Range.
 24915 | Orc:2    | HP: 43/145 [orc warrior/+1 flail of protection (8)]
 25673 | Orc:2    | Found Xiossion's Weapon Shoppe.
 25673 | Orc:2    | Found Diez's Distillery.
 25674 | Orc:2    | Found Karov's Jewellery Emporium.
 25674 | Orc:2    | Found Ginlounigy's Weapon Shoppe.
 26560 | Shoals:1 | Entered Level 1 of the Shoals
 26626 | Shoals:1 | Reached skill level 15 in Armour
 26652 | Shoals:1 | Identified the amulet "Cuxkeote" {rN+ Regen+}
 27067 | Shoals:1 | Noticed Louise
 27113 | Spider:1 | Entered Level 1 of the Spider Nest
 27113 | Spider:1 | Noticed an emperor scorpion
 27130 | Spider:1 | Killed an emperor scorpion
 27228 | Spider:1 | Noticed an emperor scorpion
 27252 | Spider:1 | Killed an emperor scorpion
 27689 | Spider:1 | Reached skill level 5 in Dodging
 27890 | Spider:1 | Noticed Donald
 27919 | Spider:1 | Killed Donald
 28533 | Spider:2 | HP: 44/147 [demonic crawler (1)]
 28739 | Spider:2 | Reached XP level 16. HP: 100/156 MP: 22/22
 29509 | Spider:2 | Paralysed by a jorogumo for 2 turns
 30027 | Spider:2 | HP: 39/146 [demonic crawler (10)]
 32101 | Spider:4 | Entered Level 4 of the Spider Nest
 32122 | Spider:4 | Upgraded the game from 0.31-a0-1-g4198be8af4 to
                  | 0.31-a0-4-gefa6de2278
 32300 | Spider:4 | Reached skill level 10 in Invocations
 33642 | Spider:4 | Reached XP level 17. HP: 155/164 MP: 24/24
 33873 | Spider:4 | HP: 34/164 [boulder beetle (23)]
 34053 | Spider:4 | Got a gossamer rune of Zot
 34089 | Spider:4 | HP: 48/164 [demonic crawler (9)]
 34683 | Shoals:1 | Noticed Jorgrun
 34707 | Shoals:1 | HP: 47/164 [Jorgrun/iron shot (33)]
 34709 | Shoals:1 | Killed Jorgrun
 34798 | Shoals:1 | Reached skill level 15 in Fighting
 35544 | D:13     | Killed Kirke
 35581 | Vaults:1 | Entered Level 1 of the Vaults
 36105 | Vaults:1 | HP: 49/166 [deep troll[an ironbound preserver] (3)]
 36114 | Vaults:1 | HP: 47/166 [deep troll[an ironbound preserver] (17)]
 36120 | Vaults:1 | HP: 31/166 [deep troll[an ironbound preserver] (1)]
 36165 | Vaults:1 | HP: 46/166 [deep troll[an ironbound preserver] (7)]
 36572 | Vaults:1 | Found a large runed translucent door.
 36573 | Vaults:1 | Found a large runed translucent door.
 36574 | Vaults:1 | Noticed Zissick's ghost (adept MiBr)
 36594 | Vaults:1 | Found Did Hip's Weapon Shoppe.
 36622 | Vaults:1 | HP: 40/166 [entropy weaver (18)]
 36627 | Vaults:1 | HP: 40/166 [poisoned by a redback]
 36741 | Vaults:1 | Reached skill level 10 in Shields
 37559 | Vaults:1 | Identified the staff of air "Rohet" {Fragile rElec rN+
                  | Int+6}
 37896 | Vaults:1 | HP: 46/166 [ironbound thunderhulk/bolt of lightning[a
                  | boggart] (15)]
 38519 | Vaults:2 | Reached XP level 18. HP: 169/174 MP: 26/26
 38943 | Vaults:2 | Found Bidomita's Armour Boutique.
 39560 | Vaults:2 | HP: 45/177 [orc warlord/+1 halberd (36)]
 40036 | Vaults:1 | Killed Zissick's ghost
 40041 | Vaults:1 | Identified the ring "Magerhor" {Wiz rPois Str+8 Dex+2
                  | Slay-5}
 40268 | Vaults:3 | Noticed Boris
 40297 | Vaults:3 | Killed Boris
 40310 | Vaults:3 | HP: 45/177 [very large slime creature (30)]
 40313 | Vaults:3 | HP: 21/177 [very large slime creature (33)]
 40405 | Vaults:3 | HP: 50/177 [ironbound frostheart (14)]
 40416 | Vaults:3 | HP: 47/177 [vault guard/+0 halberd[a vault warden] (15)]
 40559 | Vaults:3 | Reached XP level 19. HP: 186/186 MP: 28/28
 40559 | Vaults:3 | Reached XP level 20. HP: 194/194 MP: 29/29
 40560 | Vaults:3 | Reached skill level 5 in Evocations
 40560 | Vaults:3 | Reached XP level 21. HP: 204/204 MP: 30/30
 40560 | Vaults:3 | Reached XP level 22. HP: 212/212 MP: 31/31
 40943 | Vaults:3 | HP: 52/210 [yaktaur captain/bolt (32)]
 40969 | Vaults:3 | HP: 62/210 [yaktaur/bolt[a yaktaur captain] (20)]
 40975 | Vaults:3 | HP: 63/212 [ettin/+0 dire flail (9)]
 40978 | Vaults:3 | HP: 26/212 [ettin/+0 dire flail (26)]
 41008 | Vaults:3 | HP: 63/212 [vault warden/+0 battleaxe (28)]
 41031 | Vaults:3 | HP: 95/321 [yaktaur captain/+1 long sword of draining (7)]
 41036 | Vaults:3 | HP: 73/319 [harpy (10)]
 41047 | Vaults:3 | HP: 79/321 [harpy (3)]
 41053 | Vaults:3 | HP: 36/214 [yaktaur/bolt[a yaktaur captain] (8)]
 41053 | Vaults:3 | HP: 16/214 [yaktaur captain/bolt (20)]
 41061 | Vaults:3 | Noticed Jory
 41061 | Vaults:3 | HP: 36/214 [war gargoyle/+0 great mace of holy wrath[a
                  | peacekeeper] (22)]
 41063 | Vaults:3 | HP: 17/214 [ironbound thunderhulk/+0 dire flail[a vault
                  | warden] (2)]
 41071 | Vaults:3 | HP: 11/214 [ironbound thunderhulk/bolt of lightning (50)]
 41071 | Vaults:3 | Elyvilon protects you from harm!
 41076 | Vaults:3 | HP: 23/214 [deep troll[an ironbound preserver] (6)]
 41078 | Vaults:3 | HP: 8/214 [stone giant (16)]
 41303 | Vaults:3 | Found a staircase to the Crypt.
 41939 | Vaults:3 | HP: 31/214 [Jory/+2 heavy battleaxe (45)]
 41942 | Vaults:3 | Killed from afar by Jory

Illustrated notes

Levels and vault maps discovered:
D:1:      shiori_shiawase, layout_basic, minmay_bisected
D:2:      layout_basic
D:3:      gammafunk_steamed_eel, layout_loops_cross, nemelex_spade_bored_becter
D:4:      layout_loops_ring, nicolae_dithmenos_the_darkroom, uniq_duvessa
D:5:      layout_layer_cave, mainiacjoe_overflow_boulevard, grunt_ministairs_4,
          hangedman_decor_points, minmay_chambers_of_fives, uniq_menkaure,
          uniq_pikel, uniq_grinder
D:6:      layout_rooms
D:7:      layout_basic, minmay_temple_entry_antechambers
D:8:      layout_basic, evilmike_ruin_ashenzari,
          mainiacjoe_overflow_catch_the_wave
D:9:      layout_basic, tso_oasis_becter
D:10:     layout_roguey, xom_confusion_cloud,
          nicolae_ru_great_annihilating_truth, mainiacjoe_overflow_tiny_flanked,
          orc_0_dummy, serial_corexii_hall, corexii_hall_statues_l,
          corexii_hall_statues_l, minmay_fountain_box
D:11:     layout_roguey, erik_lair_island, minmay_pinched_square
D:12:     layout_irregular_city, drop_trap, lightli_corner_chamber
D:13:     layout_basic, grunt_vaults_entry_fortified, serial_shops,
          nicolae_shop_rolling_square, uniq_sonja
D:14:     layout_layer_cave, nicolae_elyvilon_peaceful_grove, uniq_kirke
D:15:     grunt_enter_depths_hoard, layout_cave_pools, nicolae_titane,
          uniq_azrael, uniq_agnes, uniq_rupert
Temple:   nicolae_temple_ecumenical_triangle
Lair:1:   layout_regular_city, gammafunk_ghost_icy, grunt_megastairs_3
Lair:2:   nzn_winding_woodlands_three_and_one [nzn_winding_woodlands_5x15_eye,
          nzn_winding_woodlands_5x15_lazy_stream,
          nzn_winding_woodlands_5x15_garden,
          nzn_winding_woodlands_center_lodge], layout_gridlike,
          nicolae_shoals_entry_flooding, dummy_spider_entry,
          chequers_serial_rivers_micro_e, cheibrodos_lair_reptile_den
Lair:3:   layout_layer_cave, gauntlet_entry_generic, ebering_ghost_xom,
          serial_bayou_shore_b, lemuel_fruit_fields, uniq_urug, uniq_snorg
Lair:4:   layout_cave_pods, minmay_slime_entry_oklob_open
Lair:5:   hangedman_lair_tendril_chambers, layout_regular_city,
          bobbens_ice_dragon_lair, infiniplex_staircase_pool
Shoals:1: layout_shoals, uniq_jorgrun, uniq_louise
Spider:1: layout_spider_delve, nicolae_spider_twisty_arc_passages, uniq_donald
Spider:2: layout_spider_delve, nicolae_spider_claw_tunnel
Spider:3: layout_spider_delve
Spider:4: hellmonk_spider_rune_bug_friends, nicolae_spider_cling_ruins
Orc:1:    layout_caves
Orc:2:    st_orc_pillars, layout_caves, dreamdust_deal_with_the_devil,
          nicolae_shop_firing_range
Vaults:1: ebering_ghost_disaster_area, nicolae_vaults_trapezoid_lopsided_2,
          v_misc_10, grunt_vaults_twisty, nicolae_vaults_network_quinsquares
          [nicolae_vaults_network_quincunx_subvault,
          nicolae_vaults_network_quincunx_subvault,
          nicolae_vaults_network_quincunx_subvault,
          nicolae_vaults_network_quincunx_subvault], vaults_room_pool,
          nicolae_vaults_diamond_1, nicolae_vaults_shelves_hall,
          nicolae_vaults_closet_pinwheel_6, ontoclasm_vaults_ligature,
          nicolae_vaults_closet_pinwheel_3, v_misc_15,
          nicolae_vaults_offset_grid_hallway_3, vaults_room_fours,
          nicolae_vaults_murder_corner, layout_vaults_ring, serial_shops,
          nicolae_shop_bloodbath_and_beyond
Vaults:2: nicolae_vaults_apartment_2, nicolae_vaults_diamond_2,
          nicolae_vaults_network_s, vaults_dpeg_ring,
          nicolae_vaults_shelves_hall, vaults_room_grunt_arrival_ludios,
          nicolae_vaults_diamond_1, layout_vaults_omnigrid, serial_shops, shop
Vaults:3: hangedman_vaults_maws, hangedman_vaults_pinch,
          nicolae_vaults_storing_the_good_stuff,
          nicolae_vaults_trapezoid_lopsided_3, hangedman_vaults_trim, v_misc_24,
          nicolae_vaults_apartment_2, ontoclasm_vaults_idyll, v_alt_pattern_3,
          nicolae_vaults_specimen_jars, vaults_mumra_hexcomb, v_pattern_1,
          v_misc_5, v_misc_19, v_misc_17, minmay_crypt_entry_simple_corners,
          layout_vaults_maze_snakey, serial_shops, shop, uniq_boris, uniq_jory

Skill      XL: |  1  2  3  4  5  6  7  8  9 10 11 12 13 14 15 16 17 18 19 20 21 22 |
---------------+-------------------------------------------------------------------+-----
Fighting       | 3 4 5 6 8 9 10 11 12 13 14 15 16 17 | 17.4
Unarmed Combat | 3 4 5 6 8 10 11 12 13 14 15 16 17 18 | 18.7
Dodging        | 3 5 |  5.8
Armour         | 5 8 10 11 14 15 16 17 18 | 18.9
Invocations    | 4 6 7 8 10 11 12 | 12.0
Shields        | 4 7 8 10 11 12 | 12.1
Evocations     | 1 5 |  5.1

Action                     |  1- 3 |  4- 6 |  7- 9 | 10-12 | 13-15 | 16-18 | 19-21 | 22-24 || total
---------------------------+-------+-------+-------+-------+-------+-------+-------+-------++-------
  Melee: Unarmed           |   105 |   138 |   308 |   599 |  1926 |  1949 |       |   269 ||  5294
         Tailslap          |    11 |    33 |    69 |   135 |   388 |   416 |       |    71 ||  1123
         Staff             |       |       |       |       |     1 |       |       |       ||     1
 Invoke: Heal Self         |       |       |       |     4 |     9 |     7 |       |     5 ||    25
         Heal Other        |       |       |       |    11 |    15 |    28 |       |       ||    54
         Purification      |       |       |       |       |     1 |     2 |       |       ||     3
         Divine Vigour     |       |       |       |       |       |     1 |       |       ||     1
  Evoke: Wand              |       |       |       |     1 |     7 |     7 |       |       ||    15
         Phantom mirror    |       |       |       |       |       |       |       |     1 ||     1
    Use: Scroll            |       |       |       |    22 |    14 |     6 |       |     5 ||    47
         Potion            |       |       |       |       |     3 |     6 |     1 |     9 ||    19
   Stab: Invisible         |       |       |       |     1 |       |       |       |       ||     1
         Paralysed         |       |       |       |     1 |       |       |       |       ||     1
         Petrified         |       |       |       |     3 |     2 |       |       |       ||     5
         Distracted        |       |       |       |     1 |       |       |       |       ||     1
         Fleeing           |       |       |       |       |       |     2 |       |       ||     2
 Armour: Robe              |    35 |    58 |    13 |       |       |       |       |       ||   106
         Ring mail         |       |       |   139 |   100 |       |       |       |       ||   239
         Troll leather arm |       |       |       |   123 |    50 |       |       |       ||   173
         Crystal plate arm |       |       |       |       |  1203 |  1773 |       |   194 ||  3170
         Scale mail        |       |       |       |       |   111 |     4 |       |       ||   115
  Dodge: Dodged            |    53 |    66 |   113 |   212 |   337 |   383 |       |    45 ||  1209
  Block: Kite shield       |       |       |       |       |   970 |  1076 |       |   177 ||  2223
         Reflection        |       |       |       |       |       |    22 |       |    21 ||    43

Table legend: (Time is in decaauts)
 A = Elapsed time spent in this place.
 B = Non-inter-level travel time spent in this place.
 C = Inter-level travel time spent in this place.
 D = Time resting spent in this place.
 E = Time spent auto-exploring this place.
 F = Levels seen in this place.
 G = Mean time per level.
                   A        B        C        D        E       F      G
               +--------+--------+--------+--------+--------+-----+--------+
         Total |  41032 |  37942 |   3090 |   4967 |  21057 |  32 | 1282.2 |
       Dungeon |  16691 |  15276 |   1415 |   1888 |   9844 |  15 | 1112.7 |
        Temple |     82 |     53 |     29 |      0 |     34 |   1 |   82.0 |
          Lair |   6807 |   6296 |    511 |    361 |   4208 |   5 | 1361.4 |
        Shoals |   1065 |   1043 |     22 |      5 |    525 |   1 | 1065.0 |
   Spider Nest |   7213 |   6614 |    599 |   1101 |   2929 |   4 | 1803.2 |
  Orcish Mines |   3231 |   2941 |    290 |    814 |    930 |   2 | 1615.5 |
        Vaults |   5701 |   5478 |    223 |    795 |   2469 |   3 | 1900.3 |
      Gauntlet |    238 |    238 |      0 |      0 |    118 |   1 |  238.0 |
               +--------+--------+--------+--------+--------+-----+--------+

Top non-repeatable levels by time:
Vaults:1: 2414 daAuts
Spider:2: 2399 daAuts
     D:5: 1888 daAuts
     D:4: 1868 daAuts
   Orc:2: 1857 daAuts
Spider:4: 1828 daAuts
  Lair:2: 1719 daAuts
Spider:3: 1688 daAuts
Vaults:2: 1651 daAuts
Vaults:3: 1635 daAuts
  Lair:5: 1621 daAuts
    D:13: 1594 daAuts
    D:10: 1514 daAuts
    D:14: 1387 daAuts
   Orc:1: 1374 daAuts
